 Dungeon Crawl Stone Soup version 0.31-a0-1074-g0b22e4e0f1 (webtiles) character file.

Game seed: 8565621061379467227

168 Curundu the Magician (level 5, -2/37 HPs)
             Began as a Djinni Fire Elementalist on Dec 7, 2023.
             Killed by nerve-wracking pain
             ... invoked by Grinder
              (12 damage)
             ... on level 4 of the Dungeon.
             The game lasted 00:31:22 (4245 turns).

Curundu the Magician (Djinni Fire Elementalist)     Turns: 4245, Time: 00:31:22

Health: -2/37      AC:  7    Str:  9    XL:     5   Next: 78%
Gold:   137        EV:  9    Int: 16    God:
                   SH:  0    Dex: 14

rFire   + . .        d - +3 quarterstaff (chaos)
rCold   + . .        (shield currently unavailable)
rNeg    . . .        r - +0 scale mail
rPois   ∞            (no helmet)
rElec   .            s - +0 cloak
rCorr   .            (no gloves)
SInv    .            (boots unavailable)
Will    .....        u - amulet of the acrobat
Stlth   +            c - ring of ice
HPRegen 0.26/turn    j - ring of protection from cold
MPRegen 0.00/turn

%: acrobat, infuse magic (-3 HP)
@: flying, very slightly contaminated
A: sickness immunity, fire resistance 2, cold vulnerability 1, float, innate
caster, HP casting, extra vitality 1
a: no special abilities


You were on level 4 of the Dungeon.
You visited 1 branch of the dungeon, and saw 4 of its levels.

You collected 137 gold pieces.

Inventory:

Hand Weapons
 d - a +3 quarterstaff of chaos (weapon)
Armour
 a - a +0 robe
 r - a +0 scale mail (worn)
 s - a +0 cloak (worn)
Jewellery
 c - a ring of ice (left hand)
 e - an amulet of guardian spirit
 j - a ring of protection from cold (right hand)
 m - a ring of positive energy
 u - an amulet of the acrobat (around neck)
Wands
 n - a wand of quicksilver (6)
Scrolls
 f - 3 scrolls of identify {unknown}
 g - 2 scrolls of fog {unknown}
 i - a scroll of amnesia {unknown}
 k - 2 scrolls of teleportation {unknown}
 l - a scroll of poison {unknown}
 q - a scroll of revelation {unknown}
Potions
 b - 2 potions of cancellation {unknown}
 h - 2 potions of lignification {unknown}
 o - 2 potions of attraction {unknown}
 p - a potion of berserk rage {unknown}
 t - a potion of curing {unknown}


   Skills:
 + Level 1.2 Fighting
 + Level 0.1 Staves
 + Level 1.9 Armour
 + Level 3.2 Dodging
 + Level 2.6 Stealth
 + Level 0.5 Unarmed Combat
 + Level 3.5 Spellcasting
 + Level 3.5 Conjurations
 + Level 3.5 Hexes
 + Level 3.5 Summonings
 + Level 3.5 Necromancy
 + Level 3.5 Translocations
 + Level 3.5 Transmutations
 + Level 3.5 Fire Magic
 + Level 3.5 Ice Magic
 + Level 3.5 Air Magic
 + Level 3.5 Earth Magic
 + Level 3.5 Poison Magic


You knew the following spells:

 Your Spells              Type           Power      Damage    Failure   Level
a - Foxfire               Conj/Fire      56%        2x1d6     32%         1
b - Scorch                Fire           28%        2d6       45%         2
c - Volatile Blastmotes   Fire/Tloc      28%        2d12      69%         3
d - Inner Flame           Hex/Fire       14%        N/A       69%         3
e - Flame Wave            Conj/Fire      14%        2d6       97%         4
f - Summon Small Mammal   Summ           56%        N/A       32%         1
g - Blink                 Tloc           28%        N/A       45%         2
Your spell library was empty.

Dungeon Overview and Level Annotations

Branches:
Dungeon (4/15)
 Temple: D:4-7

Altars:
Cheibriados
Gozag

Shops:
D:2 *(

Annotations:
D:4 Grinder


Innate Abilities, Weirdness & Mutations

You are immune to sickness and miasma.
You are immune to poison.
Your flesh is very heat resistant. (rF++)
You are vulnerable to cold. (rC-)
You float through the air rather than walking.
You learn spells naturally, not from books.
Your magical power is your life essence.
You have superior vitality. (+4 MHP)


Message History

Confirm with . or Enter, or press ? or * to list all spells.
You miscast Scorch.
Nothing appears to happen.
The kobold hits you but does no damage.
Casting: Scorch (quite dangerous; 45% risk of failure)
Confirm with . or Enter, or press ? or * to list all spells.
Flames lash the kobold.
You kill the kobold!
Things that are here:
a +0 club; 3 stones; a kobold corpse Grinder blinks!
Grinder gestures at you. You resist with significant effort.
Grinder completely misses you.
You sock Grinder!
Grinder is moderately wounded.
Grinder hits you but does no damage. Grinder hits you.
You hit Grinder. Lightning courses through Grinder!
Grinder is severely wounded.
Grinder hits you but does no damage.
You closely miss Grinder.
Grinder is severely wounded.
Grinder zaps a wand.
The puff of flame hits you. You resist.
You hit Grinder.
Space warps around Grinder.
Grinder is almost dead.
Grinder zaps a wand.
The puff of flame hits you. You resist. Grinder hits you.
You writhe in agony.
* * * LOW HITPOINT WARNING * * *
You closely miss Grinder.
Grinder is almost dead.
Grinder hits you but does no damage.
You hit Grinder.
Grinder is almost dead.
Grinder zaps a wand.
The puff of flame hits you but does no damage.
You hit Grinder.
Grinder is almost dead.
Grinder gestures at you. Pain shoots through your body!
You die...
Grinder says, "Now the real fun starts!"

##...####
#.......+ +
##...#### #
#######..##
#......)##
#.####..#
#..# ##..#
#..@# #
#.5## #.
#.. ...
....
#.......###
###.#
...... ...
#.
....####.
##
.........
.........
#.##.####.


You could see Grinder.

Vanquished Creatures
  Crazy Yiuf (D:4)
  A sleepcap (D:4)
  3 adders
  A worm (D:2)
  A dart slug (D:2)
  9 orcs
  4 bats
  6 endoplasms
  2 giant cockroaches
  8 goblins
  7 hobgoblins
  3 jackals (D:3)
  2 quokkas
  6 ball pythons
  4 frilled lizards
  7 kobolds
  4 rats
69 creatures vanquished.

Vanquished Creatures (others)
  17 foxfires
17 creatures vanquished.

Grand Total: 86 creatures vanquished

Notes
Turn   | Place    | Note
-------+----------+-------------------------------------------
     0 | D:1      | Curundu the Djinni Fire Elementalist began the quest for
                  | the Orb.
     0 | D:1      | Curundu set off with the following spells memorised:
                  | Foxfire, Scorch, Volatile Blastmotes, Inner Flame, Flame
                  | Wave.
     0 | D:1      | Reached XP level 1. HP: 15/15 MP: 0/0
   300 | D:1      | Reached XP level 2. HP: 16/21 MP: 0/0
   993 | D:1      | Reached XP level 3. HP: 11/25 MP: 0/0
   993 | D:1      | Learned a level 1 spell: Summon Small Mammal
  1431 | D:2      | Found Omoatt's General Store.
  1633 | D:2      | Found a faded altar of an unknown god.
  1661 | D:2      | Found Nuebyvut's Weapon Shop.
  1965 | D:2      | Found an opulent altar of Gozag.
  2008 | D:3      | Reached XP level 4. HP: 27/31 MP: 0/0
  2386 | D:3      | Found a snail-covered altar of Cheibriados.
  2906 | D:4      | Reached skill level 1 in Fighting
  3420 | D:4      | Found a runed translucent door.
  3421 | D:4      | Noticed Crazy Yiuf
  3467 | D:4      | Killed Crazy Yiuf
  3468 | D:4      | Reached XP level 5. HP: 6/37 MP: 0/0
  3468 | D:4      | Learned a level 2 spell: Blink
  3736 | D:4      | Reached skill level 1 in Armour
  4228 | D:4      | Noticed Grinder
  4245 | D:4      | Killed from afar by Grinder

Illustrated notes

Levels and vault maps discovered:
D:1:      minmay_arrival_wavy_path, layout_basic
D:2:      layout_rooms, basic_altar, serial_shops,
          nicolae_shop_advertising_works [nicolae_subvault_shop_adworks],
          nicolae_diamond_shop, hellmonk_ecumenical_altar_heavens_door,
          kennysheep_path_1, grunt_ministairs_15
D:3:      layout_basic, nicolae_sif_muna_little_library,
          mainiacjoe_overflow_brackets
D:4:      layout_loops_corners, uniq_crazy_yiuf_cottage, uniq_grinder

Skill      XL: |  1  2  3  4  5 |
---------------+----------------+-----
Spellcasting   | |  3.5
Conjurations   | |  3.5
Hexes          | |  3.5
Summonings     | |  3.5
Necromancy     | |  3.5
Translocations | |  3.5
Transmutations | |  3.5
Fire Magic     | |  3.5
Ice Magic      | |  3.5
Air Magic      | |  3.5
Earth Magic    | |  3.5
Poison Magic   | |  3.5
Stealth        | 2 |  2.6
Dodging        | 3 |  3.2
Fighting       | 1 |  1.2
Armour         | 1 |  1.9
Staves         | |  0.1
Unarmed Combat | |  0.5

Action                     |  1- 3 |  4- 6 || total
---------------------------+-------+-------++-------
  Melee: Unarmed           |    26 |     3 ||    29
         Quarterstaff      |       |     8 ||     8
   Cast: Foxfire           |    19 |     3 ||    22
         Scorch            |    33 |    47 ||    80
         Summon Small Mamm |       |     1 ||     1
    Use: Potion            |       |     1 ||     1
 Armour: Robe              |    18 |       ||    18
         Scale mail        |       |    25 ||    25
         Skin              |       |     5 ||     5
  Dodge: Dodged            |    44 |    16 ||    60

Table legend: (Time is in decaauts)
 A = Elapsed time spent in this place.
 B = Non-inter-level travel time spent in this place.
 C = Inter-level travel time spent in this place.
 D = Time resting spent in this place.
 E = Time spent auto-exploring this place.
 F = Levels seen in this place.
 G = Mean time per level.
                   A        B        C        D        E       F      G
               +--------+--------+--------+--------+--------+-----+--------+
         Total |   4244 |   4241 |      3 |   1087 |      0 |   4 | 1061.0 |
       Dungeon |   4244 |   4241 |      3 |   1087 |      0 |   4 | 1061.0 |
               +--------+--------+--------+--------+--------+-----+--------+

Top non-repeatable levels by time:
     D:4: 1391 daAuts
     D:1: 1371 daAuts
     D:3: 861 daAuts
     D:2: 620 daAuts
